Map: Acropolis LE

Players

Harstem

  • Race: Protoss Protoss
  • Spawn Location: 11:00

Zanster - Winner!

  • Race: Zerg Zerg
  • Spawn Location: 5:00

Event: 2019 WCS Summer

VOD

Have the link to the VOD?

Description

Time

  • Played on: July 12, 2019, 10:02 a.m.
  • Length: 13:24

All games in this series

Show
View Real Time Build Order
Export as new Build Order

Harstem Protoss 

Build Orders: 1 Gate Expand, Archon Immortal, Archon Drop, Dark Templar Rush 

Get SALT Encoding   

  12  0:00  Probe  
  13  0:12  Probe  
  14  0:20  Pylon  
  14  0:24  Probe  
  15  0:30  Assimilator  
  15  0:35  Probe  
  16  0:43  Probe  
  16  0:48  Gateway  
  17  0:53  Probe  
  18  1:05  Probe  
  19  1:17  Probe  
  20  1:23  Nexus  
  20  1:35  Cybernetics Core  
  20  1:36  Probe  
  21  1:42  Assimilator  
  21  1:48  Probe  
  21  1:51  Pylon  
  22  2:00  Probe  
  23  2:01  Adept  
  23  2:13  Probe  
  23  2:15  Twilight Council  
  26  2:22  Stalker, Warp Gate  
  26  2:25  Probe  
  27  2:36  Probe  
  30  2:37  Probe  
  31  2:44  Robotics Facility  
  31  2:48  Probe  
  31  2:49  Probe  
  33  3:00  Probe  
  33  3:01  Probe  
  35  3:11  Dark Shrine  
  35  3:12  Probe  
  36  3:14  Probe  
  37  3:21  Gateway  
  37  3:24  Gateway  
  37  3:26  Probe  
  39  3:29  Warp Prism  
  39  3:31  Gateway  
  39  3:33  Probe  
  41  3:43  Probe  
  41  3:45  Probe  
  41  3:48  Assimilator  
  43  3:51  Assimilator  
  43  3:55  Probe  
  44  3:58  Pylon  
  44  4:01  Probe  
  44  4:02  Pylon  
  45  4:07  Probe, Pylon  
  46  4:16  Probe  
  47  4:17  Adept  
  47  4:21  Probe  
  50  4:31  Probe  
  51  4:37  Dark Templar x4  
  59  4:41  Archon x2  
  59  4:44  Observer  
  60  4:47  Forge  
  60  4:59  Nexus  
  60  5:06  Immortal  
  60  5:07  Dark Templar  
  60  5:13  Probe  
  64  5:21  Zealot  
  64  5:25  Protoss Ground Weapons Level 1  
  64  5:31  Probe  
  64  5:34  Nexus  
  66  5:38  Immortal  
  66  5:44  Probe  
  66  5:46  Gateway  
  66  5:48  Gateway, Pylon  
  70  5:57  Charge, Pylon  
  70  6:05  Immortal  
  70  6:10  Gateway  
  70  6:11  Gateway  
  70  6:17  Sentry  
  76  6:21  Sentry x2  
  80  6:33  Sentry  
  80  6:34  Probe  
  80  6:36  Probe  
  80  6:37  Pylon  
  84  6:40  Pylon  
  84  6:46  Probe, Sentry x2  
  84  6:47  Sentry  
  91  6:48  Probe  
  93  6:57  Zealot x3  
  93  6:58  Probe  
  93  6:59  Pylon  
  99  7:02  Probe x2  
  101  7:10  Probe  
  104  7:17  Zealot x3  
  104  7:18  Zealot x2  
  104  7:21  Sentry, Dark Templar  
  113  7:30  Dark Templar  
  113  7:33  Immortal  
  110  7:42  Zealot x2  
  103  7:45  Probe  
  89  8:00  Sentry  
  89  8:01  Zealot x3  
  89  8:04  Zealot x4  
  99  8:10  Pylon  
  96  8:21  Pylon  
  96  8:25  Zealot x3  
  102  8:37  Immortal  
  100  8:49  Zealot  
  100  8:50  Zealot x4  
  100  9:11  Zealot x5  
  100  9:15  Zealot  
  112  9:21  Zealot  
  73  9:42  Zealot x2  
  73  9:43  Zealot x5  
  71  10:05  Cybernetics Core  
  71  10:10  Zealot x5  
  71  10:12  Zealot  
  77  10:27  Dark Templar  
  79  10:32  Zealot  
  79  10:33  Zealot x3  
  75  10:53  Sentry x6  
  87  11:00  Immortal  
  91  11:05  Sentry  
  65  11:30  Immortal  
  61  11:36  Sentry x4  
  61  11:37  Zealot x3  
  79  11:52  Dark Templar  
  79  11:54  Sentry x2, Zealot x3  
  91  12:10  Zealot x3  
  71  12:30  Sentry x5  
  71  12:31  Sentry x2  
  83  12:48  Observer  
  83  12:51  Sentry x2  
  88  12:53  Sentry x3  
  88  12:54  Sentry x2  
  70  13:14  Sentry x2  
  70  13:17  Zealot x4  
  70  13:18  Zealot  
Show
View Real Time Build Order
Export as new Build Order

Zanster Zerg - Winner!

Build Orders: Hatch First 

Get SALT Encoding   

  12  0:00  Drone  
  13  0:12  Overlord  
  13  0:17  Drone  
  14  0:31  Drone x2  
  16  0:47  Hatchery  
  15  0:50  Drone  
  15  0:54  Drone  
  17  0:57  Drone  
  18  1:08  Extractor  
  17  1:12  Spawning Pool  
  17  1:15  Drone  
  17  1:19  Drone  
  18  1:28  Drone  
  19  1:39  Drone  
  20  1:50  Drone  
  21  1:59  Queen x2  
  21  2:00  Overlord  
  25  2:04  Zergling x2  
  26  2:09  Metabolic Boost  
  26  2:15  Drone x2  
  28  2:24  Drone x2  
  30  2:40  Queen  
  30  2:42  Zergling x2  
  30  2:43  Hatchery  
  30  2:44  Drone  
  33  2:46  Drone  
  33  2:50  Overlord  
  34  2:58  Drone  
  34  2:59  Drone  
  35  3:07  Overlord  
  34  3:14  Drone x5, Spore Crawler  
  34  3:18  Drone x2  
  34  3:19  Drone  
  42  3:24  Drone  
  43  3:29  Drone  
  43  3:31  Drone  
  45  3:40  Lair  
  45  3:41  Drone, Roach Warren  
  45  3:42  Drone  
  45  3:47  Drone, Extractor x2  
  45  3:48  Drone  
  45  3:49  Drone x2  
  45  3:50  Drone  
  45  3:54  Overlord  
  49  3:56  Drone  
  50  4:07  Drone  
  51  4:12  Zergling x8  
  51  4:14  Overlord  
  51  4:17  Zergling x10  
  57  4:22  Overlord  
  57  4:23  Roach  
  57  4:24  Roach  
  64  4:29  Roach  
  66  4:32  Roach  
  66  4:34  Roach  
  66  4:37  Roach  
  66  4:38  Overseer x2  
  72  4:40  Roach  
  72  4:43  Roach  
  72  4:44  Roach x2  
  80  4:49  Overlord  
  80  4:51  Roach  
  82  4:54  Extractor  
  82  4:57  Roach  
  79  5:06  Drone x6  
  81  5:08  Glial Reconstitution, Overlord  
  81  5:09  Drone  
  81  5:12  Overseer  
  81  5:13  Roach  
  81  5:26  Roach x2  
  81  5:28  Roach x3  
  90  5:32  Roach  
  90  5:33  Overlord  
  90  5:34  Drone x4  
  94  5:36  Drone  
  94  5:40  Drone  
  94  5:45  Drone x2  
  96  5:54  Overlord  
  96  5:59  Extractor  
  96  6:00  Extractor  
  96  6:02  Spire  
  96  6:03  Overseer  
  93  6:05  Roach  
  93  6:07  Roach  
  93  6:08  Overlord x3  
  97  6:12  Overlord  
  97  6:13  Drone  
  97  6:14  Drone x3  
  97  6:15  Drone  
  97  6:16  Drone  
  103  6:21  Zergling x6  
  103  6:25  Overlord  
  106  6:28  Roach  
  106  6:30  Roach  
  106  6:31  Overseer  
  110  6:34  Roach x3  
  110  6:36  Overlord  
  110  6:38  Drone  
  110  6:39  Drone  
  118  6:42  Roach  
  118  6:46  Drone  
  118  6:47  Drone  
  122  6:48  Drone  
  122  6:49  Drone  
  123  7:00  Overlord  
  123  7:07  Drone x2, Hatchery  
  126  7:15  Roach  
  126  7:16  Roach x9  
  126  7:19  Ravager x7  
  126  7:21  Ravager  
  152  7:29  Roach  
  154  7:30  Overlord  
  154  7:33  Overlord  
  144  7:37  Roach x5  
  144  7:41  Roach  
  144  7:42  Zergling x2  
  139  7:49  Roach x3  
  132  8:04  Roach x4  
  139  8:08  Roach  
  139  8:16  Roach x4  
  139  8:17  Roach  
  150  8:20  Ravager  
  150  8:21  Ravager  
  150  8:22  Overlord  
  150  8:26  Roach  
  153  8:38  Roach x4  
  161  8:43  Roach x4  
  161  8:46  Overlord  
  169  8:53  Roach x2  
  161  9:04  Roach x5  
  161  9:09  Roach  
  163  9:16  Roach x2  
  167  9:20  Hatchery  
  167  9:22  Roach x2  
  140  9:35  Roach x4  
  128  9:42  Roach x7  
  128  9:43  Queen  
  128  9:45  Overseer  
  132  9:52  Roach x3  
  136  9:55  Roach  
  136  9:59  Ravager x2  
  134  10:02  Zergling x2  
  134  10:06  Zergling x6  
  138  10:14  Overlord  
  132  10:22  Roach x7  
  143  10:29  Roach x2  
  143  10:30  Hatchery  
  143  10:32  Roach  
  143  10:33  Queen  
  143  10:34  Queen  
  149  10:39  Roach x3  
  140  10:54  Roach x10  
  126  11:11  Roach x9  
  126  11:17  Zergling x2, Roach  
  122  11:24  Roach  
  122  11:25  Zergling x2, Roach x3  
  110  11:31  Roach x5  
  111  11:35  Ravager  
  111  11:38  Zergling x2, Roach x2  
  115  11:44  Zergling x2, Roach  
  119  11:47  Ravager  
  119  11:52  Ravager  
  120  11:55  Zergling x4, Roach x2  
  123  12:12  Roach x7  
  111  12:27  Drone x9  
  116  12:35  Roach x3  
  122  12:37  Ravager x2  
  122  12:38  Ravager  
  122  12:43  Roach x2  
  129  12:53  Zergling x2, Roach x3  
Tags
 
Add a new tag
Caveats
  • Supply blocks, unpowered buildings, or Contaminate may cause inaccurate times.
  • Supply counts are checked every 10 seconds.